Map: Port Aleksander LE

Players

Vindicta - Winner!

  • Race: Terran Terran
  • League: Grandmaster
  • Spawn Location: 11:00

Cham

  • Race: Zerg Zerg
  • League: Master
  • Spawn Location: 5:00

Event: 2019 WCS Winter Americas

VOD

Have the link to the VOD?

Description

Time

  • Played on: Feb. 2, 2019, 4:12 p.m.
  • Length: 16:17

All games in this series

Show
View Real Time Build Order
Export as new Build Order

Vindicta Terran - Winner!

Build Orders: Reaper Expand, Hellion Banshee 

Get SALT Encoding   

  12  0:00  SCV  
  13  0:12  SCV  
  14  0:19  Supply Depot  
  14  0:25  SCV  
  15  0:40  SCV  
  15  0:42  Barracks  
  16  0:44  Refinery  
  16  0:52  SCV  
  17  1:04  SCV  
  18  1:16  SCV  
  19  1:29  Reaper, Orbital Command  
  20  1:51  Command Center  
  19  1:55  SCV  
  19  1:58  Supply Depot  
  20  2:01  Marine  
  20  2:07  SCV  
  22  2:13  Factory  
  22  2:19  SCV  
  23  2:23  Barracks Reactor  
  23  2:24  Refinery  
  23  2:31  SCV  
  24  2:43  SCV  
  25  2:55  SCV  
  25  2:58  Starport  
  26  3:04  Orbital Command  
  26  3:05  Hellion, Barracks Tech Lab  
  28  3:08  Hellion  
  30  3:13  SCV  
  31  3:20  Orbital Command  
  31  3:25  SCV  
  32  3:29  Hellion  
  32  3:30  Hellion  
  35  3:37  SCV  
  35  3:41  Barracks Tech Lab  
  39  3:45  Raven  
  39  3:47  SCV  
  39  3:49  SCV  
  39  3:53  Supply Depot  
  40  3:59  SCV  
  40  4:01  SCV  
  40  4:02  Hellion, Stimpack  
  43  4:03  Hellion  
  45  4:11  SCV  
  45  4:14  SCV  
  45  4:16  Supply Depot  
  47  4:23  SCV  
  48  4:25  Marine  
  48  4:26  SCV  
  48  4:28  Banshee  
  53  4:33  Factory Reactor  
  53  4:35  SCV  
  54  4:42  SCV  
  54  4:44  Command Center  
  55  4:47  SCV, Supply Depot  
  56  4:54  SCV  
  58  5:00  SCV, Barracks  
  58  5:03  Barracks  
  58  5:06  SCV  
  59  5:08  Engineering Bay x2  
  59  5:12  SCV  
  60  5:16  Refinery  
  60  5:17  Refinery  
  60  5:18  SCV  
  60  5:20  Supply Depot  
  61  5:21  Starport Reactor  
  61  5:23  Siege Tank  
  61  5:27  SCV  
  65  5:28  Marine  
  65  5:30  SCV  
  67  5:38  Terran Infantry Weapons Level 1, Terran Infantry Armor Level 1  
  67  5:39  SCV  
  68  5:46  Marine  
  68  5:48  SCV  
  70  5:51  SCV, Marine x2  
  70  5:55  Supply Depot  
  70  5:57  Orbital Command  
  73  6:01  Siege Tank  
  73  6:03  Marine x2  
  78  6:04  Medivac, Marine  
  78  6:07  Medivac  
  78  6:09  SCV, Marine  
  78  6:11  Marine  
  86  6:16  Combat Shield  
  87  6:23  Marine  
  87  6:24  Marine  
  88  6:28  Barracks  
  88  6:30  Barracks  
  87  6:33  Siege Tank  
  87  6:34  Marine  
  87  6:37  Marine  
  87  6:39  Orbital Command  
  86  6:45  SCV x2  
  87  6:47  Marine x2  
  89  6:54  Armory  
  89  6:57  SCV  
  89  6:58  SCV, Supply Depot  
  89  6:59  Marine  
  92  7:01  Medivac  
  92  7:07  SCV  
  92  7:08  Marine  
  95  7:10  SCV, Marine  
  98  7:17  SCV  
  98  7:18  Marine  
  98  7:20  Marine  
  98  7:21  Barracks Reactor  
  103  7:22  SCV  
  103  7:28  Marine x2  
  103  7:29  Barracks Reactor  
  98  7:31  SCV  
  98  7:33  SCV  
  98  7:34  SCV  
  98  7:36  Factory  
  97  7:39  Marine  
  97  7:40  Marine  
  97  7:43  SCV  
  101  7:48  Terran Infantry Weapons Level 2  
  101  7:50  Terran Infantry Armor Level 2  
  97  7:52  Refinery x2  
  97  7:57  Supply Depot, Marine x2  
  97  7:58  Supply Depot  
  98  8:00  Marine  
  98  8:02  SCV, Marine  
  98  8:03  Marine  
  98  8:04  Concussive Shells  
  104  8:06  Marine  
  104  8:07  SCV x2  
  104  8:11  Marine  
  104  8:12  Marauder  
  108  8:14  Marine  
  108  8:19  SCV x3  
  112  8:22  Supply Depot  
  112  8:23  Siege Tank, Factory Tech Lab  
  112  8:25  Marine  
  116  8:28  Marine  
  116  8:31  SCV x3  
  116  8:32  Marine x2  
  124  8:43  Marine  
  124  8:44  Marine  
  124  8:45  Command Center, Marine  
  124  8:46  Marine x2  
  124  8:47  Siege Tank  
  132  8:49  Medivac  
  132  8:52  Supply Depot  
  132  8:54  Medivac, Marine  
  132  8:55  Marauder, Marine  
  138  8:57  Marine  
  138  9:01  Marine  
  136  9:03  Marine x2  
  136  9:05  Marine x2  
  140  9:13  Siege Tank  
  140  9:15  Supply Depot, Marine x2  
  140  9:16  Marauder, Marine  
  148  9:20  Marine  
  149  9:27  Medivac  
  149  9:28  Medivac, Siege Tank  
  149  9:29  Marine x2  
  149  9:31  Sensor Tower  
  149  9:37  Marine x2  
  149  9:38  Marauder  
  153  9:39  Marine  
  153  9:40  Marine  
  153  9:43  Hellion x3  
  155  9:49  Siege Tank, Marine x2  
  155  9:50  Barracks  
  155  9:51  Barracks  
  157  9:57  Marine x2  
  157  9:58  Marine  
  157  9:59  Marauder  
  160  10:07  SCV  
  160  10:11  Marine x2  
  160  10:12  Marine x3  
  137  10:16  Marine x2  
  137  10:18  Marine  
  137  10:21  Siege Tank  
  135  10:26  Siege Tank  
  135  10:29  Marine x2  
  135  10:30  Terran Infantry Weapons Level 3, Marine  
  135  10:31  Terran Infantry Armor Level 3  
  135  10:36  Marine  
  135  10:37  Marine x2  
  135  10:38  Barracks Tech Lab  
  135  10:40  Barracks Tech Lab  
  135  10:42  Planetary Fortress  
  138  10:48  Supply Depot  
  138  10:49  Supply Depot  
  135  10:54  Siege Tank  
  135  10:56  Marine  
  133  11:01  Supply Depot, Marine  
  133  11:03  Marine  
  114  11:07  Orbital Command  
  114  11:10  Siege Tank  
  111  11:14  Marine  
  106  11:18  SCV  
  106  11:19  SCV  
  106  11:22  Marine x3  
  106  11:23  Marine  
  111  11:29  Marine  
  111  11:30  Marine  
  113  11:35  Marine  
  113  11:38  Liberator x2, Siege Tank  
  117  11:42  Siege Tank  
  117  11:46  Marine x2  
  122  11:47  Marine  
  122  11:48  SCV  
  122  11:50  SCV  
  122  11:51  Marine  
  126  11:58  Marine x2  
  126  11:59  Marine  
  126  12:01  Marine  
  134  12:06  Orbital Command, Ghost Academy  
  134  12:13  Marine  
  134  12:14  Marine  
  136  12:16  Refinery  
  136  12:17  Siege Tank, Refinery  
  136  12:20  Marine  
  139  12:26  Marine  
  139  12:27  Supply Depot  
  139  12:29  Marine  
  141  12:30  Marine x2  
  141  12:31  Marine  
  141  12:35  Ghost x2  
  148  12:39  SCV x3  
  151  12:46  Personal Cloaking  
  151  12:47  SCV  
  151  12:49  Siege Tank  
  151  12:51  SCV x2  
  156  12:54  Marine  
  153  13:04  Ghost x2  
  152  13:05  Siege Tank  
  152  13:07  Marine  
  152  13:08  Marine  
  152  13:11  Liberator  
  152  13:12  Marine  
  149  13:14  Liberator  
  149  13:16  Ghost, Marine  
  149  13:18  Marine  
  151  13:23  SCV  
  151  13:24  Marine  
  151  13:25  Marine  
  151  13:27  Marine x2  
  154  13:32  Ghost  
  154  13:33  Marauder, Marine  
  154  13:34  Marine  
  167  13:38  Marine x2  
  170  13:42  Marine  
  170  13:44  Marine  
  170  13:47  Terran Vehicle Weapons Level 1  
  171  13:49  Refinery  
  171  13:52  Marine  
  171  13:53  Siege Tank  
  177  13:57  Marine  
  177  14:01  Ghost  
  177  14:02  Marine x2  
  180  14:06  Supply Depot x2  
  180  14:07  Ghost  
  180  14:08  Marine  
  181  14:11  Ghost  
  181  14:12  Marine  
  181  14:14  Marine  
  188  14:20  Marine x3  
  188  14:27  Medivac x2, Marine  
  188  14:30  Marauder, Command Center  
  190  14:33  Marine  
  190  14:35  Ghost, Marine  
  190  14:36  Marine  
  195  14:41  Nuke, Marine x2  
  194  14:47  Marauder, Marine  
  194  14:48  Marine  
  198  14:55  Ghost  
  200  15:03  Marine x3  
  200  15:14  Command Center, Ghost  
  199  15:18  Marine  
  199  15:20  Siege Tank  
  188  15:42  Siege Tank  
  176  15:43  Ghost  
  176  15:45  Medivac  
  176  15:49  Marauder x2, Marine x5  
  189  15:51  Marine  
  189  15:56  Marine  
Show
View Real Time Build Order
Export as new Build Order

Cham Zerg 

Build Orders: Pool First 

Get SALT Encoding   

  12  0:00  Drone  
  13  0:09  Drone  
  14  0:17  Overlord  
  14  0:35  Drone x2  
  16  0:40  Spawning Pool  
  15  0:46  Extractor  
  15  0:48  Drone  
  15  0:52  Drone  
  16  1:01  Drone  
  17  1:18  Hatchery  
  16  1:27  Zergling x4  
  16  1:30  Drone  
  19  1:41  Drone  
  19  1:46  Metabolic Boost  
  20  1:53  Queen  
  22  1:59  Overlord  
  22  2:18  Zergling x4  
  24  2:28  Drone  
  25  2:30  Drone  
  25  2:35  Hatchery  
  25  2:43  Queen  
  27  2:44  Drone  
  28  2:51  Drone  
  28  2:53  Drone x2  
  28  2:58  Drone  
  32  3:06  Drone x2  
  32  3:11  Overlord  
  32  3:12  Drone x2  
  36  3:18  Overlord  
  36  3:32  Zergling x4  
  38  3:34  Queen x2  
  38  3:38  Zergling x2, Drone  
  44  3:44  Drone  
  43  3:57  Drone x2  
  43  4:00  Queen, Drone x2  
  47  4:06  Zergling x8  
  51  4:10  Queen  
  51  4:11  Queen  
  55  4:18  Drone x2  
  55  4:19  Overlord  
  57  4:27  Overlord  
  57  4:31  Roach Warren  
  56  4:38  Drone x5  
  61  4:42  Extractor x2  
  61  4:43  Drone  
  61  4:45  Drone x3  
  63  4:48  Drone  
  63  4:49  Drone  
  63  4:50  Drone  
  66  5:03  Overlord  
  66  5:09  Overlord  
  66  5:11  Roach  
  66  5:12  Roach x2  
  66  5:14  Overlord  
  72  5:22  Roach  
  72  5:23  Roach x3  
  72  5:27  Overlord  
  72  5:28  Roach x3  
  86  5:40  Drone x4  
  86  5:41  Drone  
  89  5:50  Overlord, Drone x2  
  89  5:53  Drone  
  89  5:54  Drone x3  
  94  6:02  Zergling x8  
  94  6:03  Ravager x2  
  100  6:04  Overlord  
  100  6:05  Ravager x2  
  100  6:07  Drone  
  100  6:10  Extractor  
  100  6:11  Extractor  
  100  6:14  Ravager  
  100  6:15  Zergling x4  
  100  6:17  Zergling x2  
  104  6:21  Drone  
  104  6:24  Zergling x2  
  103  6:26  Zergling x2  
  93  6:33  Drone x4  
  93  6:34  Drone  
  93  6:35  Lair  
  93  6:37  Drone x2  
  93  6:38  Drone x2  
  93  6:39  Drone  
  88  6:40  Drone x2  
  87  6:50  Extractor  
  87  6:51  Evolution Chamber x2, Baneling Nest  
  87  6:52  Drone x3  
  85  7:00  Roach x2  
  89  7:03  Roach  
  91  7:13  Roach x4  
  91  7:14  Roach x3  
  91  7:15  Roach x3  
  111  7:28  Roach  
  111  7:29  Roach  
  111  7:37  Roach x3  
  111  7:40  Roach  
  111  7:41  Glial Reconstitution  
  109  7:48  Roach  
  109  7:49  Roach, Zergling x2  
  114  7:51  Overlord  
  114  7:52  Overlord  
  114  7:55  Hatchery, Zerg Missile Weapons Level 1, Zerg Ground Armor Level 1  
  114  7:58  Overlord  
  113  7:59  Zergling x2  
  113  8:00  Overlord x2  
  113  8:04  Overlord x2  
  114  8:07  Overlord  
  114  8:09  Overlord x2  
  114  8:10  Roach x2  
  114  8:11  Roach  
  120  8:13  Roach  
  120  8:18  Roach  
  120  8:19  Roach  
  126  8:21  Overlord  
  126  8:25  Overseer  
  126  8:28  Overlord  
  126  8:32  Roach x3  
  126  8:34  Roach  
  126  8:38  Overlord, Roach x2  
  126  8:40  Overlord  
  130  8:44  Roach  
  132  8:48  Drone x2  
  132  8:49  Drone x2  
  132  8:50  Infestation Pit  
  132  8:51  Ravager x2  
  132  8:52  Ravager x3  
  140  8:55  Drone  
  140  8:56  Drone  
  140  8:58  Queen  
  140  9:02  Roach x4  
  148  9:09  Roach x3  
  154  9:12  Roach x4  
  154  9:14  Overlord, Roach x2  
  166  9:18  Roach, Queen  
  166  9:20  Roach  
  166  9:23  Roach  
  166  9:24  Roach  
  176  9:27  Roach x2  
  176  9:29  Roach x3  
  186  9:33  Roach x2  
  186  9:34  Ravager  
  186  9:35  Ravager x4  
  195  9:41  Roach x2, Extractor x2  
  197  9:48  Roach  
  199  9:58  Overlord  
  199  10:00  Overlord  
  199  10:01  Ravager  
  200  10:13  Roach, Overseer  
  200  10:14  Roach x14  
  189  10:19  Ravager x2  
  189  10:20  Roach, Zergling x4  
  195  10:22  Zergling x4  
  195  10:26  Zergling x2  
  195  10:28  Zergling x4  
  195  10:58  Roach x2  
  195  11:00  Roach  
  187  11:09  Roach x12  
  187  11:10  Roach x3  
  180  11:14  Roach x4  
  180  11:17  Infestor, Hive  
  187  11:21  Zerg Ground Armor Level 2  
  187  11:24  Zergling x6  
  190  11:27  Zergling x2  
  190  11:29  Zergling x2  
  190  11:32  Zergling x2  
  193  11:34  Drone  
  193  11:36  Spire  
  193  11:39  Centrifical Hooks  
  193  11:43  Zergling x6  
  193  11:45  Infestor  
  195  11:48  Zergling x6  
  195  11:52  Zergling x4  
  200  12:08  Drone x4  
  197  12:15  Baneling x2  
  198  12:16  Baneling x7  
  198  12:20  Zerg Melee Weapons Level 1  
  198  12:37  Drone x2  
  198  12:40  Hatchery  
  199  12:45  Hatchery  
  199  12:49  Zergling x4  
  182  13:20  Spire  
  181  13:29  Spire  
  181  13:30  Drone x2  
  181  13:31  Zergling x16  
  181  13:33  Zergling x2  
  181  13:34  Zergling x16  
  197  13:42  Drone x2  
  197  13:53  Zergling x4  
  199  13:57  Spore Crawler  
  199  13:59  Spine Crawler  
  199  14:01  Drone x3  
  196  14:05  Drone x3  
  199  14:17  Spine Crawler  
  199  14:22  Overseer  
  195  14:49  Greater Spire  
  195  14:50  Viper x2  
  197  15:12  Zergling x6  
  199  15:20  Zergling x2  
  198  15:22  Zergling x2  
  198  15:25  Zergling x2  
  198  15:26  Zergling x2  
  198  15:28  Baneling x5  
  179  15:40  Corruptor x5  
  179  15:56  Overseer  
Tags
 
Add a new tag
Caveats
  • Supply blocks, unpowered buildings, or Contaminate may cause inaccurate times.
  • Supply counts are checked every 10 seconds.